 Dungeon Crawl Stone Soup version 0.28-a0-94-g325244837d (webtiles) character file.

Game seed: 17007235795318351542

0 Gargoyl the Skirmisher (level 1, -15/19 HPs)
             Began as a Ghoul Abyssal Knight on Aug 7, 2021.
             Was a Follower of Lugonu.
             Demolished by a tentacled starspawn (26 damage)
             ... on level 1 of the Abyss.
             The game lasted 00:00:16 (70 turns).

Gargoyl the Skirmisher (Ghoul Abyssal Knight)         Turns: 70, Time: 00:00:17

Health: -15/19     AC:  3    Str: 15    XL:     1   Next: 0%
Magic:  1/1        EV: 11    Int:  7    God:    Lugonu [*.....]
Gold:   0          SH:  0    Dex:  8    Spells: 0/0 levels left

rFire   . . .      SeeInvis .   a - +1 hand axe
rCold   + . .      Faith    .   (no shield)
rNeg    + + +      Spirit   .   b - +0 leather armour
rPois   ∞          Reflect  .   (no helmet)
rElec   .          Harm     .   (no cloak)
rCorr   .          Rampage  .   (no gloves)
Will    .....                   (no boots)
Stlth   +.........              (no amulet)
HPRegen 0.00/turn               (no ring)
MPRegen 0.07/turn               (no ring)

@: inhibited regen
A: claws 1, cold resistance 1, negative energy resistance 3, inhibited
regeneration, torment resistance 2
a: Renounce Religion, Depart the Abyss


You were on level 1 of the Abyss.
You worshipped Lugonu.
Lugonu was aware of your devotion.
You visited 0 branches of the dungeon, and saw 0 of its levels.
You visited the Abyss 1 time.

Inventory:

Hand Weapons
 a - a +1 hand axe (weapon)
Armour
 b - a +0 leather armour (worn)


   Skills:
 + Level 3.2 Fighting
 + Level 1.7 Axes
 + Level 1.7 Armour
 + Level 0.8 Dodging
 + Level 2.0 Invocations


You couldn't memorise any spells.
You didn't know any spells.
Your spell library was empty.

Dungeon Overview and Level Annotations

Branches:
Dungeon (0/15)

Altars:


Innate Abilities, Weirdness & Mutations

You thrive by killing the living.
You are immune to poison.
You have sharp fingernails.
Your flesh is cold resistant. (rC+)
You are immune to negative energy. (rN+++)
You do not regenerate when monsters are visible.
You are immune to unholy pain and torment.


Message History

Welcome, Gargoyl the Ghoul Abyssal Knight.
Will you prevail where others failed? Will you find the Orb of Zot?
Lugonu says: Depart the Abyss and spread corruption, my servant! (use the ability menu to exit the Abyss) Press ? for a list of commands and other information.
Found a corrupted altar of Lugonu.
Found 21 arrows.
Unknown command.
A tentacled starspawn emerges from the beyond.
Tentacles burst from the starspawn's body! 2 starspawn tentacles come into view.
Tentacles burst from the starspawn's body! 2 starspawn tentacles come into view.
The starspawn tentacle grabs you. The starspawn tentacle constricts you.
You hit the starspawn tentacle.
The starspawn tentacle is lightly damaged.
You hit the starspawn tentacle.
The starspawn tentacle loses its grip on you.
The tentacle pulls you backwards! The starspawn tentacle grabs you.
The starspawn tentacle constricts you.
You hit the starspawn tentacle but do no damage.
The starspawn tentacle is lightly damaged.
You hit the starspawn tentacle.
You hit the tentacled starspawn but do no damage.
The starspawn tentacle loses its grip on you.
The tentacled starspawn barely misses you.
The tentacled starspawn completely misses you.
The starspawn tentacle grabs you. The starspawn tentacle constricts you.
You hit the tentacled starspawn but do no damage.
The starspawn tentacle loses its grip on you.
The tentacled starspawn is lightly damaged.
You hit the starspawn tentacle but do no damage. x2
The tentacled starspawn bites you!!
Ouch! That really hurt!
You die...

...X. #. # ...# ##
§..#. #... . .#_
.. . #### # .
#...##### #
......##.#.......#
#.. .# .##.....#
.. # .#.....# # .
. # #. ##.....# #
# . . . ##......#
###### #### #
#@w.##### .X...#
#...wX.## .....#
#.....#..# .....#
#.....###.# . . ##
##.....# ≈# ......
# ##......# #
####...###...#####
## ......## ##..
..#


You could see a tentacled starspawn and 2 starspawn tentacles.

Vanquished Creatures (others)
  2 starspawn tentacles (Abyss:1)
2 creatures vanquished.

Notes
Turn   | Place    | Note
-------+----------+-------------------------------------------
     0 | Abyss:1  | Gargoyl the Ghoul Abyssal Knight began the quest for the
                  | Orb.
     0 | Abyss:1  | Reached XP level 1. HP: 19/19 MP: 1/1
    40 | Abyss:1  | Noticed a tentacled starspawn
    70 | Abyss:1  | Demolished by a tentacled starspawn

Illustrated notes

Levels and vault maps discovered:
Abyss:1:  base: Temple, abyss_exit_lava, base:
Temple

Action                   || total
-------------------------++-------
Melee: Hand axe          ||     3
Dodge: Dodged            ||     2

Table legend: (Time is in decaauts)
 A = Elapsed time spent in this place.
 B = Non-inter-level travel time spent in this place.
 C = Inter-level travel time spent in this place.
 D = Time resting spent in this place.
 E = Time spent auto-exploring this place.
 F = Levels seen in this place.
 G = Mean time per level.
                   A        B        C        D        E       F      G
               +--------+--------+--------+--------+--------+-----+--------+
         Total |     70 |     70 |      0 |      0 |     40 |   1 |   70.0 |
         Abyss |     70 |     70 |      0 |      0 |     40 |   1 |   70.0 |
               +--------+--------+--------+--------+--------+-----+--------+

Top non-repeatable levels by time:
 Abyss:1: 70 daAuts
